 Dungeon Crawl Stone Soup version 0.20.0-15-g7f486f2 (webtiles) character file.

158 blackwizard the Ducker (level 5, -11/49 HPs)
             Began as a Troll Skald on June 15, 2017.
             Mangled by an ogre
             ... wielding a +0 giant spiked club
              (29 damage)
             ... on level 4 of the Dungeon.
             The game lasted 00:12:58 (2549 turns).

blackwizard the Ducker (Troll Skald)                Turns: 2549, Time: 00:12:59

Health: -11/49     AC:  5    Str: 19    XL:     5   Next: 16%
Magic:  4/6        EV: 10    Int: 10    God:
Gold:   84         SH:  0    Dex:  9    Spells: 3/7 levels left

rFire    . . .     SeeInvis .   a - +0 short sword
rCold    . . .     Gourm    +   (no shield)
rNeg     . . .     Faith    .   b - +0 robe
rPois    .         Spirit   .   (helmet restricted)
rElec    .         Reflect  .   (no cloak)
rCorr    .         Harm     .   (gloves unavailable)
MR       .....                  (boots unavailable)
Stlth    +.........             (no amulet)
Regen    0.6/turn               (no ring)
MPRegen  0.1/turn               (no ring)

@: very slightly contaminated
A: unfitting armour, claws 3, fast metabolism 3, gourmand, regeneration 1,
shaggy fur 1, tough skin 2
a: no special abilities


You were on level 4 of the Dungeon.
You were not hungry.

You visited 1 branch of the dungeon, and saw 4 of its levels.

You collected 84 gold pieces.

Inventory:

Hand Weapons
 a - a +0 short sword (weapon)
 k - a +0 spear
 l - a cursed -1 mace
 v - a +0 falchion
Missiles
 e - 59 bolts
 f - 140 stones (quivered)
 i - 17 arrows
 n - 46 sling bullets
 p - 9 poisoned needles
Armour
 b - a +0 robe (worn)
Jewellery
 o - an uncursed ring of protection from fire {unknown}
Wands
 q - a wand of scattershot (3/9)
Scrolls
 g - 3 scrolls of identify {unknown}
 r - 2 scrolls of amnesia {unknown}
 s - a scroll of fear {unknown}
 w - a scroll of noise {unknown}
 y - a scroll of remove curse {unknown}
Potions
 h - a potion of haste {unknown}
 t - 2 potions of might {unknown}
 u - a potion of heal wounds {unknown}
Books
 c - a book of Battle

   Spells                             Type                      Level
   a - Infusion                       Charms                       1
   b - Shroud of Golubria             Charms/Translocation         2
   c - Song of Slaying                Charms                       2
   d - Spectral Weapon                Hexes/Charms                 3
   e - Regeneration                   Charms/Necromancy            3
Comestibles
 d - 4 chunks of flesh
 j - 2 meat rations
 m - 4 fruits


   Skills:
 + Level 2.1 Fighting
 + Level 2.4 Short Blades
 + Level 2.7 Dodging
 + Level 1.7 Spellcasting
 + Level 0.3 Hexes
 + Level 2.5 Charms


You had 3 spell levels left.
You knew the following spells:

 Your Spells              Type           Power        Failure   Level  Hunger
a - Infusion              Chrm           #...         12%         1    ##.....
b - Spectral Weapon       Hex/Chrm       #.......     47%         3    ####...


Dungeon Overview and Level Annotations

Branches:
Dungeon (4/15)
 Temple: D:4-7

Altars:


Innate Abilities, Weirdness & Mutations

You are too large for most types of armour.
You have claws for hands.
Your metabolism is lightning-fast.
You like to eat raw meat.
Your natural rate of healing is unusually fast.
You are covered in fur. (AC +1)
You have very tough skin. (AC +2)


Message History

You miscast Spectral Weapon.
Multicoloured lights dance before your eyes!
The ogre hits you with a giant spiked club.
The ogre completely misses you.
You barely miss the ogre. You barely miss the ogre.
The ogre hits you with a giant spiked club!
You hit the ogre.
The ogre is lightly wounded.
The ogre barely misses you.
You hit the ogre but do no damage.
The ogre is lightly wounded.
You barely miss the ogre.
The ogre is lightly wounded.
The ogre hits you with a giant spiked club!!
You hit the ogre.
The ogre is lightly wounded.
The ogre hits you with a giant spiked club!!
Ouch! That really hurt!
You die...

#######
#.....#
#.....#
#.....#
#.....#
####.....#
#<..@....#
####O....#
#.......$...
#...........
####......#.
#......#
#......#
#......#
#......#


You could see an ogre.

Vanquished Creatures
  Terence (D:3)
  Natasha (twice) (D:3)
  A gnoll (D:1)
  An adder (D:2)
  An ooze (D:1)
  A worm (D:2)
  2 dart slugs
  2 leopard geckos
  4 orcs (D:3)
  2 ball pythons
  6 bats
  A giant cockroach (D:1)
  6 hobgoblins
  4 jackals (D:3)
  2 kobolds
  2 frilled lizards
  5 goblins
  6 rats
49 creatures vanquished.

Notes
Turn   | Place    | Note
-------+----------+-------------------------------------------
     0 | D:1      | blackwizard the Troll Skald began the quest for the Orb.
     0 | D:1      | Reached XP level 1. HP: 19/19 MP: 1/1
   181 | D:1      | Reached XP level 2. HP: 26/27 MP: 3/3
   479 | D:1      | Reached XP level 3. HP: 32/35 MP: 4/4
   655 | D:1      | Learned a level 3 spell: Spectral Weapon
  1737 | D:3      | Noticed Terence
  1750 | D:3      | Killed Terence
  1750 | D:3      | Reached XP level 4. HP: 24/42 MP: 1/5
  2170 | D:3      | Noticed Natasha
  2190 | D:3      | Killed Natasha
  2331 | D:3      | Noticed Natasha
  2344 | D:3      | Killed Natasha
  2344 | D:3      | Reached XP level 5. HP: 39/49 MP: 3/6
  2533 | D:4      | Noticed an ogre
  2549 | D:4      | Mangled by an ogre

Skill      XL: |  1  2  3  4 |
---------------+-------------+-----
Dodging        | 2 |  2.7
Short Blades   | 2 |  2.4
Fighting       | 2 |  2.1
Spellcasting   | |  1.7
Hexes          | |  0.3
Charms         | |  2.5

Action                   |  1- 3 |  4- 6 || total
-------------------------+-------+-------++-------
Melee: Short sword       |   148 |    87 ||   235
 Cast: Infusion          |    12 |       ||    12
       Spectral Weapon   |     4 |     4 ||     8
  Eat: Chunk             |    10 |     3 ||    13
       Bread ration      |     1 |     2 ||     3
Armor: Robe              |    98 |    33 ||   131
Dodge: Dodged            |   132 |    48 ||   180
